Mechanized Support Center
Construct Medical Station
Construct Medical Station
M3 75 mm Gun Motor Carriage
M3 75 mm Gun Motor Carriage
Selects Special Operations Battlegroup
Selects M29 Weasel Recon Vehicle
Selects P-47 Anti-Infantry Loiter
M3 75 mm Gun Motor Carriage
Designate Forward Repair Station
M3 75 mm Gun Motor Carriage
P-47 Anti-Infantry Loiter
Selects SSF Commando Squad
Selects M4A1 Sherman Whizbang
P-47 Anti-Infantry Loiter
Designate Forward Repair Station
P-47 Anti-Infantry Loiter
Selects Assault Operation
Selects Air Re-supply Operation
Selects Assault Operation
Selects Air Re-supply Operation
Designate Forward Repair Station
Designate Forward Repair Station
P-47 Anti-Infantry Loiter
M3 75 mm Gun Motor Carriage
Designate Forward Repair Station
M3 75 mm Gun Motor Carriage
M3 75 mm Gun Motor Carriage
Designate Forward Repair Station
M3 75 mm Gun Motor Carriage
M3 75 mm Gun Motor Carriage
P-47 Anti-Infantry Loiter